 Dungeon Crawl Stone Soup version 0.28.0-53-g5a82cb258f (webtiles) character file.

Game seed: 5864372688616028415

471 LustLizard the Chopper (level 6, 0/84 HPs)
             Began as a Minotaur Berserker on July 30, 2022.
             Was a Believer of Trog.
             Slain by Prince Ribbit (7 damage)
             ... on level 5 of the Dungeon.
             The game lasted 00:04:21 (3150 turns).

LustLizard the Chopper (Minotaur Berserker)         Turns: 3150, Time: 00:04:22

Health: 0/84       AC: 12    Str: 24    XL:     6   Next: 83%
Magic:  5/5        EV:  8    Int:  4    God:    Trog [**....]
Gold:   154        SH:  0    Dex:  9    Spells: 5/5 levels left

rFire   . . .      SeeInvis .   a - +0 hand axe
rCold   . . .      Faith    .   (no shield)
rNeg    . . .      Spirit   .   s - +0 chain mail
rPois   .          Reflect  .   (helmet restricted)
rElec   .          Harm     .   (no cloak)
rCorr   .          Rampage  .   (no gloves)
Will    .....                   (no boots)
Stlth   ..........              (no amulet)
HPRegen 0.24/turn               m - +4 ring of protection
MPRegen 0.09/turn               (no ring)

@: berserking, very quick
A: horns 2, retaliatory headbutt
a: Renounce Religion, Berserk, Trog's Hand


You were on level 5 of the Dungeon.
You worshipped Trog.
Trog was pleased with you.
You visited 1 branch of the dungeon, and saw 5 of its levels.

You collected 154 gold pieces.

Inventory:

Hand Weapons
 a - a +0 hand axe (weapon)
Missiles
 e - 170 stones (quivered)
 q - 4 poisoned darts
Armour
 b - a +0 animal skin
 r - a +0 ring mail
 s - a +0 chain mail (worn)
Jewellery
 m - a +4 ring of protection (left hand)
Scrolls
 c - a scroll of blinking {unknown}
 d - 2 scrolls of identify {unknown}
 g - a scroll of noise {unknown}
 l - a scroll of enchant weapon {unknown}
 p - a scroll of summoning {unknown}
 u - a scroll of fear {unknown}
Potions
 f - 2 potions of flight {unknown}
 h - 2 potions of mutation {unknown}
 i - a potion of invisibility {unknown}
 j - a potion of ambrosia {unknown}
 k - 8 potions of curing {unknown}
 n - 2 potions of haste {unknown}
 o - 3 potions of attraction {unknown}
 t - a potion of magic {unknown}
 v - a potion of cancellation {unknown}
 w - a potion of lignification {unknown}
 x - a potion of resistance {unknown}


   Skills:
 + Level 5.3 Fighting
 * Level 6.7 Axes
 * Level 4.1 Throwing
 - Level 2.4 Armour
 - Level 2.1 Dodging


You had 5 spell levels left.
You didn't know any spells.
Your spell library was empty.

Dungeon Overview and Level Annotations

Branches:
Dungeon (5/15)
 Temple: D:4-7

Altars:
Yredelemnul

Annotations:
D:5 Prince Ribbit, Sigmund


Innate Abilities, Weirdness & Mutations

You have a pair of horns on your head.
You reflexively headbutt those who attack you in melee.


Message History

There is a stone staircase leading down here.
You see here a book of Debilitation.
There is a stone staircase leading down here.
You climb downwards.
You hear the sound of rushing water.
There is an entrance to a sewer on this level.
Hurry and find it before the portal rusts away!
Level annotation: Sigmund You hear the slow rusting of a very distant drain.
Prince Ribbit croaks.
Prince Ribbit blinks!
Found 8 gold pieces.
There is a stone staircase leading up here.
Press: ? - help, v - describe, . - travel
Here: Prince Ribbit The floor.
Unknown command.
You barely miss Prince Ribbit. Your headbutt misses Prince Ribbit.
Prince Ribbit hits you but does no damage.
Prince Ribbit hits you!
A red film seems to cover your vision as you go berserk!
You feel yourself moving faster!
You feel mighty!
Prince Ribbit hops awkwardly around.
Prince Ribbit hits you!
* * * LOW HITPOINT WARNING * * *
You hit Prince Ribbit.
Prince Ribbit is lightly wounded.
Prince Ribbit closely misses you. You furiously retaliate!
You headbutt Prince Ribbit! You closely miss Prince Ribbit.
Prince Ribbit is moderately wounded.
Prince Ribbit hits you.
* * * LOW HITPOINT WARNING * * *
You barely miss Prince Ribbit.
Prince Ribbit is moderately wounded.
Prince Ribbit hits you.
* * * LOW HITPOINT WARNING * * *
You closely miss Prince Ribbit.
Prince Ribbit is moderately wounded.
Prince Ribbit hits you!
You die...

#<(..# .##.(..#
##.##{...#
#....n.#.#
#..##..#<#
###..##..#.#
.####..........#
...............#
#..@."....##
#.F.......#
....$.......#
###..........#
#..........#
...........#
............#
##############


You could see Prince Ribbit.

Vanquished Creatures
  A hornet (D:5)
  A phantom (D:4)
  A centaur (D:4)
  4 adders (D:3)
  A dart slug (D:2)
  5 orcs
  8 ball pythons
  8 endoplasms
  7 goblins
  7 hobgoblins
  6 kobolds
  2 quokkas
  7 bats
  3 frilled lizards
  3 rats
64 creatures vanquished.

Vanquished Creatures (others)
  2 fungi (D:4)
2 creatures vanquished.

Grand Total: 66 creatures vanquished

Notes
Turn   | Place    | Note
-------+----------+-------------------------------------------
     0 | D:1      | LustLizard the Minotaur Berserker began the quest for the
                  | Orb.
     0 | D:1      | Reached XP level 1. HP: 19/19 MP: 0/0
   160 | D:1      | Reached skill level 4 in Axes
   177 | D:1      | Reached XP level 2. HP: 22/27 MP: 1/1
   616 | D:1      | Reached ** piety under Trog
   617 | D:1      | Reached skill level 1 in Throwing
   716 | D:2      | Reached XP level 3. HP: 33/33 MP: 2/2
  1174 | D:2      | Found a faded altar of an unknown god.
  1837 | D:3      | Reached XP level 4. HP: 41/41 MP: 3/3
  1842 | D:3      | Reached skill level 5 in Axes
  2258 | D:4      | Noticed a centaur
  2640 | D:4      | Noticed a phantom
  2652 | D:4      | Killed a phantom
  2653 | D:4      | Reached XP level 5. HP: 39/47 MP: 4/4
  2707 | D:4      | Found a basalt altar of Yredelemnul.
  2851 | D:4      | Killed a centaur
  2852 | D:4      | Reached skill level 6 in Axes
  3077 | D:5      | Entered Level 5 of the Dungeon
  3077 | D:5      | Noticed a hornet
  3086 | D:5      | Killed a hornet
  3087 | D:5      | Reached skill level 5 in Fighting
  3087 | D:5      | Reached XP level 6. HP: 34/56 MP: 5/5
  3088 | D:5      | Noticed Sigmund
  3143 | D:5      | Noticed Prince Ribbit
  3150 | D:5      | Slain by Prince Ribbit

Illustrated notes

Levels and vault maps discovered:
D:1:      nicolae_arrival_memento_mori, layout_basic, st_stairs_7,
          minmay_pentomino_o4
D:2:      layout_loops_ring, shapermc_ecumenical_altar_ellora
D:3:      layout_basic
D:4:      layout_rooms, mainiacjoe_overflow_tiny_flanked, serial_aquarium,
          aquarium_bridge_square [aquarium_subvault_window,
          aquarium_subvault_bridge, aquarium_subvault_wall,
          aquarium_subvault_bridge], aquarium_window_fake,
          aquarium_window_double, aquarium_view_2b, aquarium_view_2d,
          aquarium_pool_side, serial_park_tiny_2, kennysheep_nondescript
D:5:      layout_loops_ring, portal_sewer_entry_e, uniq_prince_ribbit1,
          uniq_menkaure, uniq_sigmund

Skill      XL: |  1  2  3  4  5 |
---------------+----------------+-----
Axes           | 4 5 6 |  6.7
Fighting       | 4 5 |  5.3
Throwing       | 1 2 4 |  4.1
Armour         | |  2.4
Dodging        | |  2.1

Action                   |  1- 3 |  4- 6 || total
-------------------------+-------+-------++-------
Melee: Hand axe          |    89 |    53 ||   142
       Headbutt          |     9 |    10 ||    19
       Punch             |     2 |     1 ||     3
Throw: Stone             |    10 |    11 ||    21
       Dart              |       |     2 ||     2
Invok: Berserk           |       |     1 ||     1
Armor: Animal skin       |    25 |       ||    25
       Ring mail         |     7 |     1 ||     8
       Chain mail        |       |    26 ||    26
Dodge: Dodged            |    74 |    31 ||   105
